 Dungeon Sprint DCSS version 0.27-a0-1287-gca74d27db6 (webtiles) character file.

Game seed: 916336067753375685

1230 mhtbhm the Basher (level 8, -9/97 HPs)
             Began as an Octopode Berserker on June 14, 2021.
             Was an Elder of Trog.
             Mangled by a centaur warrior (11 damage)
             ... in the Dungeon (Sprint I: "Red Sonja").
             The game lasted 00:01:09 (585 turns).

mhtbhm the Basher (Octopode Berserker)               Turns: 585, Time: 00:01:10

Health: -9/97      AC:  1    Str: 19    XL:     8   Next: 48%
Magic:  8/8        EV: 16    Int:  9    God:    Trog [****..]
Gold:   426        SH:  0    Dex: 11    Spells: 7/7 levels left

rFire    . . .     SeeInvis .   a - +0 mace
rCold    . . .     Faith    .   (no shield)
rNeg     . . .     Spirit   .   (helmet restricted)
rPois    .         Reflect  .   (no amulet)
rElec    .         Harm     .   (no ring)
rCorr    .         Rampage  .   (no ring)
Will     .....     NoTele   +   (no ring)
Stlth    ..........             (no ring)
HPRegen  0.26/turn              (no ring)
MPRegen  0.11/turn              (no ring)
                                (no ring)
                                (no ring)

@: berserking, very quick
A: almost no armour, amphibious, 8 rings, camouflage 1, gelatinous body 1,
(nimble swimmer 1), tentacles
a: Renounce Religion, Berserk, Trog's Hand, Brothers in Arms


You were in the Dungeon.
You worshipped Trog.
Trog was greatly pleased with you.
You visited 1 branch You collected 426 gold pieces.

Inventory:

Hand Weapons
 a - a +0 mace (weapon)
Scrolls
 g - a scroll of blinking
Potions
 b - a potion of curing
 d - a potion of haste
 e - 2 potions of magic
 f - a potion of berserk rage


   Skills:
 + Level 10.4 Fighting
 + Level 11.4 Maces & Flails
 + Level 10.4 Dodging
 + Level 4.8 Stealth


You had 7 spell levels left.
You didn't know any spells.
Your spell library was empty.

Dungeon Overview and Level Annotations

Branches:
Dungeon (1/1)

Altars:
Cheibriados
Dithmenos
Elyvilon
Fedhas
Gozag
Hepliaklqana
Kikubaaqudgha
Makhleb
Nemelex Xobeh
Okawaru
Qazlal
Ru
Sif Muna
Trog
Uskayaw
Vehumet
Wu Jian
Xom
Yredelemnul
Zin
The Shining One
Jiyva
Lugonu

Shops:
D [


Innate Abilities, Weirdness & Mutations

You cannot wear most types of armour.
You are amphibious.
You can wear up to eight rings at the same time.
Your skin changes colour to match your surroundings (Stealth+).
Your rubbery body absorbs attacks. (AC +1, EV +1)
((You are camouflaged near water. (Stealth+)))
You have tentacles for arms and can constrict up to eight enemies at once.


Message History

The centaur warrior completely misses you.
The centaur warrior misses you. The centaur warrior kicks you.
You barely miss the centaur warrior. The centaur warrior hits you!
The centaur warrior kicks you but does no damage.
You barely miss the centaur warrior.
Your squeeze misses the centaur warrior.
You sock the centaur warrior!
Your squeeze misses the centaur warrior.
The centaur warrior is moderately wounded.
You bludgeon the centaur warrior!!
The centaur warrior is heavily wounded.
The centaur warrior closely misses you.
The centaur warrior kicks you but does no damage.
The centaur warrior wields a +0 longbow.
The centaur warrior shoots an arrow.
The arrow hits you!!
You are too injured to fight recklessly!
You are too injured to fight recklessly!
You are too injured to fight recklessly!
You are too injured to fight recklessly!
You are too injured to fight recklessly!
You are too injured to fight recklessly!
You are too injured to fight recklessly!
You are too injured to fight recklessly!
You are too injured to fight recklessly!
You are too injured to fight recklessly!
You are too injured to fight recklessly!
You are too injured to fight recklessly!
You are too injured to fight recklessly!
You sock the centaur warrior!
The centaur warrior is severely wounded.
The centaur warrior hits you! The centaur warrior misses you.
The centaur warrior shoots an arrow.
The arrow hits you!!
* * * LOW HITPOINT WARNING * * *
Unknown command.
Press < or > to pray at altars.
You closely miss the centaur warrior.
Your squeeze misses the centaur warrior.
The centaur warrior is severely wounded.
The centaur warrior hits you!
You die...

##########################
#<.#..)..#.)'..#__#..'...#
#..').#..'..#..'..'..#)..#
#..#####'#####'#__####...+
#..####..#...#.####§§#####
#..#__####..##(#≈§≈§§#
#..#_____##'#_c'c§§§§
#⌠⌠#_.∩...'...@#§§§§§#
####_..__##_.#'# + ###
#_____###+#.# ####### ###


You could see 2 centaur warriors.

Vanquished Creatures
  2 kobold demonologists (D)
  A slime creature (D)
  Sigmund (D)
  A yak (D)
  A floating eye (D)
  An ogre (D)
  A jelly (D)
  Ijyb (D)
9 creatures vanquished.

Notes
Turn   | Place    | Note
-------+----------+-------------------------------------------
     0 | D        | mhtbhm the Octopode Berserker began the quest for the Orb.
     0 | D        | Reached XP level 1. HP: 16/16 MP: 1/1
     1 | D        | Noticed Ijyb
     6 | D        | Killed Ijyb
     7 | D        | Reached skill level 4 in Maces & Flails
     7 | D        | Reached XP level 2. HP: 23/23 MP: 2/2
     7 | D        | Reached XP level 3. HP: 27/27 MP: 3/3
   151 | D        | Noticed an ogre
   156 | D        | Killed an ogre
   157 | D        | Reached skill level 6 in Maces & Flails
   157 | D        | Reached XP level 4. HP: 36/36 MP: 4/4
   188 | D        | Noticed Sigmund
   193 | D        | Killed Sigmund
   193 | D        | Reached ** piety under Trog
   194 | D        | Reached skill level 8 in Maces & Flails
   194 | D        | Reached skill level 1 in Stealth
   194 | D        | Reached XP level 5. HP: 43/43 MP: 5/5
   194 | D        | Reached XP level 6. HP: 49/49 MP: 6/6
   250 | D        | Found an ornate altar of the Wu Jian Council.
   250 | D        | Found a shimmering blue altar of Sif Muna.
   252 | D        | Found a radiant altar of Vehumet.
   329 | D        | Found Vaallev's Armour Emporium.
   329 | D        | Found an ancient bone altar of Kikubaaqudgha.
   329 | D        | Found a hazy altar of Hepliaklqana.
   329 | D        | Found a stormy altar of Qazlal.
   329 | D        | Found a hide-covered altar of Uskayaw.
   329 | D        | Found a blossoming altar of Fedhas.
   329 | D        | Found a bloodstained altar of Trog.
   329 | D        | Found an iron altar of Okawaru.
   329 | D        | Found a basalt altar of Yredelemnul.
   329 | D        | Found a glowing golden altar of the Shining One.
   329 | D        | Found a snail-covered altar of Cheibriados.
   329 | D        | Found a sacrificial altar of Ru.
   329 | D        | Found a glowing silver altar of Zin.
   329 | D        | Found a shadowy altar of Dithmenos.
   329 | D        | Found a white marble altar of Elyvilon.
   329 | D        | Noticed a yak
   330 | D        | Found an opulent altar of Gozag.
   337 | D        | Killed a yak
   338 | D        | Reached skill level 9 in Maces & Flails
   338 | D        | Reached XP level 7. HP: 56/56 MP: 7/7
   338 | D        | Found a sparkling altar of Nemelex Xobeh.
   444 | D        | Found a burning altar of Makhleb.
   444 | D        | Found a viscous altar of Jiyva.
   444 | D        | Found a shimmering altar of Xom.
   444 | D        | Found a corrupted altar of Lugonu.
   444 | D        | Noticed a slime creature
   451 | D        | Killed a slime creature
   451 | D        | Reached *** piety under Trog
   509 | D        | Noticed a kobold demonologist
   511 | D        | Noticed a kobold demonologist
   514 | D        | Killed a kobold demonologist
   515 | D        | Reached skill level 10 in Maces & Flails
   515 | D        | Reached XP level 8. HP: 64/64 MP: 8/8
   517 | D        | Reached skill level 10 in Fighting
   517 | D        | Reached skill level 10 in Dodging
   521 | D        | Killed a kobold demonologist
   521 | D        | Reached **** piety under Trog
   522 | D        | Reached skill level 11 in Maces & Flails
   574 | D        | Noticed a centaur warrior
   574 | D        | Noticed a centaur warrior
   584 | D        | HP: 2/97 [centaur warrior/arrow (32)]
   585 | D        | Mangled by a centaur warrior

Illustrated notes

Levels and vault maps discovered:
D:        dungeon_sprint_1 [red_sonja_temple_1, red_sonja_temple_small_1]

Skill      XL: |  1  2  3  4  5  6  7  8 |
---------------+-------------------------+-----
Fighting       | 4 6 7 8 9 10 | 10.4
Maces & Flails | 4 6 8 9 10 11 | 11.4
Dodging        | 4 6 7 8 9 10 | 10.4
Stealth        | 1 2 4 |  4.8

Action                   |  1- 3 |  4- 6 |  7- 9 || total
-------------------------+-------+-------+-------++-------
Melee: Mace              |     7 |    10 |    21 ||    38
       Tentacles         |     1 |     3 |     4 ||     8
       Constrict         |     1 |     1 |     2 ||     4
Invok: Berserk           |     2 |     2 |     3 ||     7
  Use: Potion            |       |       |     1 ||     1
 Stab: Sleeping          |       |     2 |       ||     2
Armor: Skin              |       |       |     2 ||     2
Dodge: Dodged            |     3 |     5 |     8 ||    16

Table legend: (Time is in decaauts)
 A = Elapsed time spent in this place.
 B = Non-inter-level travel time spent in this place.
 C = Inter-level travel time spent in this place.
 D = Time resting spent in this place.
 E = Time spent auto-exploring this place.
 F = Levels seen in this place.
 G = Mean time per level.
                   A        B        C        D        E       F      G
               +--------+--------+--------+--------+--------+-----+--------+
         Total |    637 |    637 |      0 |    457 |      1 |   1 |  637.0 |
       Dungeon |    637 |    637 |      0 |    457 |      1 |   1 |  637.0 |
               +--------+--------+--------+--------+--------+-----+--------+

Top non-repeatable levels by time:
       D: 637 daAuts
